 Dungeon Crawl Stone Soup version 0.29.0-13-gc9e81de378 (webtiles) character file.

Game seed: 11449456087096545431

3476 SensoryNuts the Carver (level 9, -4/69 HPs)
             Began as a Demonspawn Fighter on Sept 7, 2022.
             Killed from afar by Maggie (9 damage)
             ... with a bolt of fire
             ... on level 7 of the Dungeon.
             The game lasted 00:10:04 (10654 turns).

SensoryNuts the Carver (Demonspawn Fighter)        Turns: 10654, Time: 00:10:05

Health: -4/69      AC: 16    Str: 13 (16) XL:     9   Next: 79%
Magic:  9/9        EV:  8    Int:  9 (10) God:
Gold:   1105       SH: 11    Dex: 16 (17) Spells: 8/8 levels left

rFire   . . .      SeeInvis +   a - +1 long sword
rCold   . . .      Faith    .   x - +1 kite shield
rNeg    . . .      Spirit   .   q - +1 plate armour
rPois   .          Reflect  .   (no helmet)
rElec   .          Harm     .   (no cloak)
rCorr   +          Rampage  .   (no gloves)
Will    .....                   (no boots)
Stlth   ..........              (no amulet)
HPRegen 0.21/turn               l - ring of see invisible
MPRegen 0.11/turn               k - ring of resist corrosion

@: agile, attractive, mesmerised
A: hooves 1, molten scales 1, demonic guardian 1, powered by pain 2
a: no special abilities


You were on level 7 of the Dungeon.
You visited 2 branches of the dungeon, and saw 8 of its levels.

You collected 1105 gold pieces.

Inventory:

Hand Weapons
 a - a +1 long sword (weapon)
Armour
 q - a +1 plate armour (worn)
 x - a +1 kite shield (worn)
Jewellery
 b - an amulet of regeneration
 h - a ring of wizardry
 k - a ring of resist corrosion (right hand)
 l - a ring of see invisible (left hand)
 n - a ring of wizardry
 p - a ring of willpower
Wands
 d - a wand of paralysis (8)
 i - a wand of flame (28)
Scrolls
 e - a scroll of immolation
 r - a scroll of teleportation
 w - 2 scrolls of poison
Potions
 c - a potion of lignification {unknown}
 f - 2 potions of brilliance
 j - 3 potions of cancellation
 s - a potion of flight {unknown}


   Skills:
 + Level 5.9 Fighting
 + Level 8.3 Long Blades
 + Level 7.5 Armour
 + Level 1.2 Dodging
 + Level 0.9 Stealth
 + Level 5.7 Shields


You had 8 spell levels left.
You didn't know any spells.
Your spell library contained the following spells:

 Spells                   Type           Power      Damage    Failure   Level
 Sandblast                Erth           0%         2d4       100%        1
 Shock                    Conj/Air       0%         1d3       100%        1
 Passwall                 Tmut/Erth      0%         N/A       100%        2
 Stone Arrow              Conj/Erth      0%         3d7       100%        3
 Swiftness                Air            0%         N/A       100%        3
 Airstrike                Air            0%         2d(0-16)  100%        4


Dungeon Overview and Level Annotations

Branches:
Dungeon (7/15)             Temple (1/1) D:5

Altars:
Dithmenos
Fedhas
Hepliaklqana
Nemelex Xobeh
Okawaru
Qazlal
Sif Muna
Trog
Uskayaw
Vehumet
Wu Jian
Xom
Yredelemnul

Shops:
D:1 [   D:2 (   D:5 (*

Annotations:
D:6 2 runed translucent doors, groovy9's ghost, novice TrFi
D:7 Maggie


Innate Abilities, Weirdness & Mutations

You have large cloven feet.
You are partially covered in molten scales. (AC +2)
A weak demonic guardian rushes to your aid.
You sometimes gain power by taking damage.


Message History

You closely miss Maggie.
Maggie is moderately wounded.
Maggie points at you and mumbles some strange words.
The bolt of fire hits you! You block Maggie's attack.
You hit Maggie. Your kick misses Maggie.
Maggie is moderately wounded.
You block Maggie's attack.
You hit Maggie but do no damage.
Maggie is moderately wounded.
You block Maggie's attack.
You hit Maggie. You kick Maggie.
Maggie is heavily wounded.
You block Maggie's attack. The orc barely misses you.
The orc warrior hits you but does no damage.
You slash Maggie!
Maggie is severely wounded.
The orc warrior hits you with a +0 long sword.
Maggie casts a spell at you. The bolt of fire hits you!!
* * * LOW HITPOINT WARNING * * *
A demonic guardian appears!
You focus on the pain.
You feel agile all of a sudden. The orc hits you with a +0 club.
* * * LOW HITPOINT WARNING * * *
Okay, then.
Okay, then.
It was a potion of degeneration.
There was something very wrong with that liquid.
You feel weakened.
You feel dopey.
You feel clumsy.
Maggie gestures wildly while chanting.
Maggie attempts to bespell you!
You are mesmerised by Maggie!
You block the orc warrior's attack. The orc hits you but does no damage.
Your quasit bites the orc.
Your quasit closely misses the orc.
Your quasit claws the orc.
It was a potion of attraction.
You feel attractive to monsters. Maggie gestures at you while chanting.
The bolt of fire hits you!
You die...

#.#.. # #.#.# #
#.#.# # #.#.# #
#######.#.## ## #
#..........# .. #
#.#####.#..# .#
###
#.#..#######.#####
..
#.........@@o.....
#.
#.#.....†.oo.#####
##.
#.....>...5...?#
.###..
####.#########....
...... #.# ##.
.###.. #.# ##. ..#
#) ## #) #.######.


You could see Maggie (mesmerising), an orc warrior, 2 orcs and a friendly quasit
(summoned).

Vanquished Creatures
  Pikel (D:6)
  A kobold demonologist (D:6)
  Prince Ribbit (D:6)
  Grinder (D:5)
  Sigmund (D:6)
  A shadow (D:6)
  Eustachio (D:6)
  A water moccasin (D:7)
  3 black bears
  2 ogres
  A lemure (D:6)
  A phantom (D:6)
  A centaur (D:6)
  A kobold brigand (D:6)
  A scorpion (D:6)
  A necrophage (D:5)
  5 wights (D:7)
  3 killer bees (D:6)
  2 gnoll boudas
  An orc priest (D:6)
  6 hounds
  Ijyb (D:5)
  5 iguanas
  16 gnolls
  9 adders
  2 shadow imps
  3 worms
  4 dart slugs
  8 orcs
  7 ball pythons
  5 endoplasms
  2 giant cockroaches (D:1)
  18 goblins
  10 hobgoblins
  10 jackals
  2 quokkas
  7 bats
  4 frilled lizards
  8 kobolds
  6 rats
163 creatures vanquished.

Vanquished Creatures (collateral kills)
  3 goblins
  A kobold (D:1)
4 creatures vanquished.

Vanquished Creatures (others)
  A sky beast (D:6)
  6 plants (D:4)
7 creatures vanquished.

Grand Total: 174 creatures vanquished

Notes
Turn   | Place    | Note
-------+----------+-------------------------------------------
     0 | D:1      | SensoryNuts the Demonspawn Fighter began the quest for the
                  | Orb.
     0 | D:1      | Reached XP level 1. HP: 18/18 MP: 1/1
   216 | D:1      | Found a faded altar of an unknown god.
   339 | D:1      | Gained mutation: A weak demonic guardian rushes to your
                  | aid. [demonic ancestry]
   339 | D:1      | Reached XP level 2. HP: 23/24 MP: 2/2
   521 | D:1      | Reached skill level 2 in Long Blades
   765 | D:1      | Gained mutation: You sometimes gain a little power by
                  | taking damage. [demonic ancestry]
   765 | D:1      | Reached XP level 3. HP: 18/29 MP: 3/3
   995 | D:1      | Found Jabut's Armour Emporium.
  1494 | D:2      | Gained mutation: You are partially covered in molten
                  | scales. (AC +2) [demonic ancestry]
  1494 | D:2      | Reached XP level 4. HP: 35/35 MP: 4/4
  1852 | D:2      | Found Vokek's Antique Weapon Shop.
  2426 | D:2      | Found a shimmering altar of Xom.
  2533 | D:2      | Identified a scroll of acquirement
  2533 | D:2      | Acquired 657 gold pieces
  2888 | D:3      | Reached skill level 3 in Long Blades
  2922 | D:3      | Gained mutation: You sometimes gain power by taking damage.
                  | [demonic ancestry]
  2922 | D:3      | Reached XP level 5. HP: 36/41 MP: 5/5
  4724 | D:4      | Found a shimmering altar of Xom.
  4737 | D:4      | Found a shimmering altar of Xom.
  4737 | D:4      | Found a shimmering altar of Xom.
  4794 | D:4      | Noticed an ogre
  4799 | D:4      | Killed an ogre
  4800 | D:4      | Reached skill level 4 in Long Blades
  4800 | D:4      | Reached skill level 1 in Dodging
  4800 | D:4      | Gained mutation: You have large cloven feet. [demonic
                  | ancestry]
  4800 | D:4      | Reached XP level 6. HP: 21/48 MP: 6/6
  5727 | D:5      | Entered Level 5 of the Dungeon
  5727 | D:5      | Noticed Ijyb
  5734 | D:5      | Paralysed by Ijyb for 3 turns
  5740 | D:5      | Paralysed by Ijyb for 4 turns
  5752 | D:5      | Killed Ijyb
  5753 | D:5      | Reached XP level 7. HP: 28/53 MP: 7/7
  5982 | D:5      | Reached skill level 5 in Long Blades
  5997 | D:5      | Found a shadowy altar of Dithmenos.
  6074 | D:5      | Noticed Grinder
  6084 | D:5      | Paralysed by Grinder for 5 turns
  6110 | D:5      | Killed Grinder
  6385 | D:5      | Found Zoimp's General Store.
  6386 | D:5      | Found Dule's Weapon Shop.
  6836 | D:5      | Found a staircase to the Ecumenical Temple.
  7099 | D:5      | Reached skill level 5 in Armour
  7510 | Temple   | Entered the Ecumenical Temple
  7881 | D:6      | Reached XP level 8. HP: 17/61 MP: 8/8
  7943 | D:5      | Reached skill level 6 in Long Blades
  8164 | D:6      | Found a runed translucent door.
  8164 | D:6      | Noticed Sigmund
  8173 | D:6      | Killed Sigmund
  8403 | D:6      | Noticed Pikel
  8417 | D:6      | Killed Pikel
  8418 | D:6      | Reached skill level 5 in Fighting
  8418 | D:6      | Reached skill level 7 in Long Blades
  8544 | D:6      | Reached XP level 9. HP: 59/68 MP: 9/9
  8583 | D:6      | Noticed groovy9's ghost (novice TrFi)
  8615 | D:6      | Noticed Eustachio
  8625 | D:6      | Killed Eustachio
  8705 | D:6      | Found a large runed translucent door.
  8706 | D:6      | Found a large runed translucent door.
  8774 | D:6      | Found a basalt altar of Yredelemnul.
  8775 | D:6      | Noticed Prince Ribbit
  8783 | D:6      | Noticed a kobold demonologist
  9054 | D:6      | Found a runed translucent door.
  9094 | D:6      | Reached skill level 5 in Shields
  9237 | D:6      | Killed Prince Ribbit
  9349 | D:6      | Noticed a smoke demon
  9362 | D:6      | Killed a kobold demonologist
  9982 | D:6      | Reached skill level 8 in Long Blades
 10050 | D:6      | Found a shimmering blue altar of Sif Muna.
 10639 | D:7      | Noticed Maggie
 10654 | D:7      | Killed from afar by Maggie

Illustrated notes

Levels and vault maps discovered:
D:1:      minmay_arrival_plants_in_alcoves, layout_basic, serial_shops, shop,
          dreamdust_ecumenical_altar_statues
D:2:      layout_basic, serial_shops, nicolae_shop_behind_doors, basic_altar,
          minmay_joined_circles
D:3:      kennysheep_the_goblin_king, layout_loops_ring
D:4:      layout_basic, xom_redecorated, tso_oasis_becter, serial_bayou_lake_a
D:5:      layout_layer_cave, grunt_dithmenos_shadows, lemuel_temple_firewalk_b,
          nicolae_wooded_promenade, dreamdust_princess_corridor,
          eino_small_chamber_without_monster, uniq_ijyb, uniq_grinder
D:6:      layout_rooms, yredelemnul_altar_generic, jmf_multi_god_temple2,
          ebering_ghost_sewer_f, enter_ossuary_2, minmay_stone_trees_medium,
          grunt_ministairs_14, minmay_fractal_squares_5, uniq_sigmund,
          uniq_pikel, uniq_eustachio, uniq_prince_ribbit1
D:7:      layout_loops_ring, lemuel_crystal_altar, uniq_maggie
Temple:   hellmonk_temple_flake

Skill      XL: |  1  2  3  4  5  6  7  8  9 |
---------------+----------------------------+-----
Armour         | 3 4 5 6 7 |  7.5
Long Blades    | 2 3 4 5 7 8 |  8.3
Shields        | 3 4 5 |  5.7
Dodging        | 1 |  1.2
Fighting       | 4 5 |  5.9
Stealth        | |  0.9

Action                   |  1- 3 |  4- 6 |  7- 9 || total
-------------------------+-------+-------+-------++-------
Melee: Long sword        |   114 |   227 |   380 ||   721
       Kick              |       |    14 |   130 ||   144
  Use: Potion            |     2 |     4 |     8 ||    14
       Scroll            |       |    15 |     8 ||    23
 Stab: Distracted        |       |     1 |       ||     1
Armor: Scale mail        |    70 |    11 |       ||    81
       Plate armour      |       |   138 |   273 ||   411
Dodge: Dodged            |    57 |    52 |    73 ||   182
Block: Buckler           |    28 |    54 |    23 ||   105
       Kite shield       |       |       |   223 ||   223
